APP
BILLINGS MUSTANGS @ BRISTOL PIRATES
10/22/2049
 
TOP OF THE 1ST
Helena Brewers batting - Pitching for Chicago (APP) Cubs : RHP Jamie Keener
Pitching: RHP Jamie Keener
Batting: RHB Kevin Wyche 0-0: Bunt missed!
0-1: Swinging Strike
0-2: Ball
1-2: Ball
2-2: Ball
3-2: Strikes out swinging
Batting: SHB Martin Madsen 0-0: Called Strike
0-1: Ball
1-1: Swinging Strike
1-2: Foul Ball, location: 2F
1-2: Ball
2-2: SINGLE (Groundball, 34, EV 87.5 MPH) (infield hit)
Batting: LHB Tatsuyoshi Kaji 0-0: Ball
1-0: Swinging Strike
1-1: Ball
2-1: Swinging Strike
2-2: Strikes out swinging
Batting: RHB Ricky Wiernik 0-0: Ball
Martin Madsen steals 2nd base
1-0: Foul Ball, location: 2F
1-1: Ball
2-1: Foul Ball, location: 2F
2-2: Strikes out swinging
Top of the 1st over - 0 runs, 1 hit, 0 errors, 1 left on base; Helena 0 - Chicago (APP) 0
BOTTOM OF THE 1ST
Chicago (APP) Cubs batting - Pitching for Helena Brewers : RHP Danny Levinger
Pitching: RHP Danny Levinger
Batting: RHB Chris Petrock 0-0: Called Strike
0-1: SINGLE (Groundball, 6MD, EV 100.0 MPH)
Batting: SHB Eddie Tetzlaff 0-0: Ball
1-0: Ball
2-0: Fielders Choice at 2nd, 6-4 (Groundball, 6, EV 84.4 MPH)
Batting: RHB Jacob Nagle 0-0: Ball
1-0: Foul Ball, location: 2F
1-1: Ball
2-1: Grounds into double play, 4-6-3 (Groundball, 4, EV 97.5 MPH)
Bottom of the 1st over - 0 runs, 1 hit, 0 errors, 0 left on base; Helena 0 - Chicago (APP) 0
TOP OF THE 2ND
Helena Brewers batting - Pitching for Chicago (APP) Cubs : RHP Jamie Keener
Batting: LHB Tony Howard 0-0: Ground out 5-3 (Groundball, 56, EV 78.8 MPH)
Batting: RHB Jorge Nunez 0-0: Ball
1-0: Swinging Strike
1-1: Ball
2-1: Ground out 1-3 (Groundball, 34S, EV 90.0 MPH)
Batting: RHB John O'Hearn 0-0: Swinging Strike
0-1: Ground out 6-3 (Groundball, 6, EV 101.3 MPH)
Top of the 2nd over - 0 runs, 0 hits, 0 errors, 0 left on base; Helena 0 - Chicago (APP) 0
BOTTOM OF THE 2ND
Chicago (APP) Cubs batting - Pitching for Helena Brewers : RHP Danny Levinger
Batting: LHB Ryan Cross 0-0: Ball
1-0: Called Strike
1-1: Foul Ball, location: 2F
1-2: Ground out 5-3 (Groundball, 56, EV 103.1 MPH)
Batting: RHB Willie Martinez 0-0: Ball
1-0: Ball
2-0: Foul Ball, location: 2F
2-1: Ground out 3-1 (Groundball, 34S, EV 86.3 MPH)
Batting: RHB Casey Snyder 0-0: Called Strike
0-1: Ball
1-1: SINGLE (Line Drive, 34, EV 100.0 MPH)
Batting: RHB Troy Nichols 0-0: Ball
Wild Pitch!
Casey Snyder to second
1-0: Called Strike
1-1: Foul Ball, location: 2F
1-2: Foul Ball, location: 2F
1-2: Foul Ball, location: 2F
1-2: Foul Ball, location: 2F
1-2: Ball
2-2: Foul Ball, location: 2F
2-2: Foul Ball, location: 2F
2-2: TRIPLE (Flyball, 78XD, EV 106.9 MPH)
Casey Snyder scores
Batting: RHB A.J. Moore 0-0: Called Strike
0-1: Ball
1-1: Ground out 5-3 (Groundball, 5, EV 106.9 MPH)
Bottom of the 2nd over - 1 run, 2 hits, 0 errors, 1 left on base; Helena 0 - Chicago (APP) 1
TOP OF THE 3RD
Helena Brewers batting - Pitching for Chicago (APP) Cubs : RHP Jamie Keener
Batting: RHB Juan Alvarez 0-0: Ball
1-0: Ball
2-0: Foul Ball, location: 2F
2-1: Swinging Strike
2-2: Foul Ball, location: 2F
2-2: Ground out 5-3 (Groundball, 5, EV 82.5 MPH)
Batting: RHB Danny Levinger 0-0: Ground out 3-1 (Groundball, 34S, EV 86.3 MPH)
Batting: RHB Kevin Wyche 0-0: Swinging Strike
0-1: Swinging Strike
0-2: Ball
1-2: Ball
2-2: Strikes out looking
Top of the 3rd over - 0 runs, 0 hits, 0 errors, 0 left on base; Helena 0 - Chicago (APP) 1
BOTTOM OF THE 3RD
Chicago (APP) Cubs batting - Pitching for Helena Brewers : RHP Danny Levinger
Batting: RHB Jamie Keener 0-0: Ground out 6-3 (Groundball, 6D, EV 89.4 MPH)
Batting: RHB Chris Petrock 0-0: Foul Ball, location: 2F
0-1: Ground out 1-3 (Groundball, 13S, EV 74.4 MPH)
Batting: SHB Eddie Tetzlaff 0-0: Ball
1-0: Ball
2-0: Called Strike
2-1: Ball
3-1: Fly out, F5 (Line Drive, 5, EV 66.9 MPH)
Bottom of the 3rd over - 0 runs, 0 hits, 0 errors, 0 left on base; Helena 0 - Chicago (APP) 1
TOP OF THE 4TH
Helena Brewers batting - Pitching for Chicago (APP) Cubs : RHP Jamie Keener
Batting: SHB Martin Madsen 0-0: Called Strike
0-1: Ball
1-1: SINGLE (Groundball, 34D, EV 102.5 MPH)
Batting: LHB Tatsuyoshi Kaji 0-0: Ball
Martin Madsen steals 2nd, throwing error, E2
Martin Madsen to third
1-0: Swinging Strike
1-1: Called Strike
1-2: Fly out, F8 (Flyball, 8LXD, EV 98.1 MPH)
Runner from 3rd tags up, SCORES, no throw by CF
Batting: RHB Ricky Wiernik 0-0: Ball
1-0: Foul Ball, location: 2F
1-1: Ball
2-1: Ground out 5-3 (Groundball, 56, EV 103.1 MPH)
Batting: LHB Tony Howard 0-0: Ball
1-0: Ball
2-0: Ball
3-0: Called Strike
3-1: SINGLE (Groundball, 34D, EV 102.5 MPH)
Batting: RHB Jorge Nunez 0-0: Called Strike
0-1: Ball
1-1: DOUBLE (Groundball, 5L, EV 104.4 MPH)
Tony Howard to third
Runner from 3rd tries for Home, SAFE, throw by LF to home
Batting: RHB John O'Hearn 0-0: Called Strike
0-1: Ground out 6-3 (Groundball, 6, EV 90.0 MPH)
Top of the 4th over - 2 runs, 3 hits, 1 error, 1 left on base; Helena 2 - Chicago (APP) 1
BOTTOM OF THE 4TH
Chicago (APP) Cubs batting - Pitching for Helena Brewers : RHP Danny Levinger
Batting: RHB Jacob Nagle 0-0: Foul Ball, location: 2F
0-1: Ground out 6-3 (Groundball, 6, EV 91.9 MPH)
Batting: LHB Ryan Cross 0-0: Called Strike
0-1: Ball
1-1: Ball
2-1: Foul Ball, location: 2F
2-2: Ball
3-2: Foul Ball, location: 2F
3-2: Foul Ball, location: 2F
3-2: Foul Ball, location: 2F
3-2: Base on Balls
Batting: RHB Willie Martinez 0-0: Called Strike
0-1: Ball
1-1: Foul Ball, location: 2F
1-2: Ball
2-2: Ball
3-2: Fielders Choice at 2nd, 3-6 (Groundball, 3, EV 97.5 MPH)
Batting: RHB Casey Snyder 0-0: Ball
1-0: Ball
Wild Pitch!
Willie Martinez to second
2-0: Called Strike
2-1: Ground out 5-3 (Groundball, 5, EV 88.8 MPH)
Bottom of the 4th over - 0 runs, 0 hits, 0 errors, 1 left on base; Helena 2 - Chicago (APP) 1
TOP OF THE 5TH
Helena Brewers batting - Pitching for Chicago (APP) Cubs : RHP Jamie Keener
Batting: RHB Juan Alvarez 0-0: Ball
1-0: Called Strike
1-1: DOUBLE (Line Drive, 9LM, EV 91.9 MPH) - OUT at third base trying to stretch hit.
Batting: RHB Danny Levinger 0-0: Ball
1-0: Fly out, F8 (Flyball, 8LS, EV 84.4 MPH)
Batting: RHB Kevin Wyche 0-0: Ball
1-0: DOUBLE (Flyball, 8LXD, EV 96.3 MPH)
Batting: SHB Martin Madsen 0-0: Ball
1-0: Called Strike
1-1: Swinging Strike
1-2: Ground out U3 (Groundball, 3, EV 80.6 MPH)
Top of the 5th over - 0 runs, 2 hits, 0 errors, 1 left on base; Helena 2 - Chicago (APP) 1
BOTTOM OF THE 5TH
Chicago (APP) Cubs batting - Pitching for Helena Brewers : RHP Danny Levinger
Batting: RHB Troy Nichols 0-0: Swinging Strike
0-1: Swinging Strike
0-2: Ball
1-2: Strikes out swinging
Batting: RHB A.J. Moore 0-0: Ground out 5-3 (Groundball, 56, EV 85.6 MPH)
Batting: RHB Jamie Keener 0-0: Called Strike
0-1: Ball
1-1: Foul Ball, location: 2F
1-2: Strikes out swinging
Bottom of the 5th over - 0 runs, 0 hits, 0 errors, 0 left on base; Helena 2 - Chicago (APP) 1
TOP OF THE 6TH
Helena Brewers batting - Pitching for Chicago (APP) Cubs : RHP Jamie Keener
Batting: LHB Tatsuyoshi Kaji 0-0: Called Strike
0-1: Fly out, F7 (Line Drive, 7, EV 95.6 MPH)
Batting: RHB Ricky Wiernik 0-0: Fly out, F9 (Line Drive, 9D, EV 95.6 MPH)
Batting: LHB Tony Howard 0-0: Ball
1-0: Ball
2-0: Ball
3-0: Base on Balls
Batting: RHB Jorge Nunez 0-0: Called Strike
0-1: Ball
1-1: Called Strike
Tony Howard is caught stealing 2nd base 2-4
Top of the 6th over - 0 runs, 0 hits, 0 errors, 0 left on base; Helena 2 - Chicago (APP) 1
BOTTOM OF THE 6TH
Chicago (APP) Cubs batting - Pitching for Helena Brewers : RHP Danny Levinger
Batting: RHB Chris Petrock 0-0: Called Strike
0-1: Ball
1-1: Ground out 4-3 (Groundball, 34, EV 85.6 MPH)
Batting: SHB Eddie Tetzlaff 0-0: Called Strike
0-1: Ground out 2-3 (Groundball, 2L, EV 68.8 MPH)
Batting: RHB Jacob Nagle 0-0: Ball
1-0: Ground out 4-3 (Groundball, 4M, EV 88.1 MPH)
Bottom of the 6th over - 0 runs, 0 hits, 0 errors, 0 left on base; Helena 2 - Chicago (APP) 1
TOP OF THE 7TH
Helena Brewers batting - Pitching for Chicago (APP) Cubs : RHP Jamie Keener
Pitching: RHP Paul Whitehead
Batting: RHB Jorge Nunez 0-0: Ball
1-0: Foul Ball, location: 2F
1-1: SINGLE (Groundball, 34D, EV 98.1 MPH)
Batting: RHB John O'Hearn 0-0: Bunted foul
0-1: Sac Bunt to 15 - play at first, batter OUT! 1-4
Jorge Nunez to second
Batting: RHB Juan Alvarez 0-0: Called Strike
0-1: Ball
1-1: Fly out, F7 (Flyball, 7D, EV 89.4 MPH)
Runner from 2nd tags up, SAFE at 3rd, no throw by LF
Pinch Hitting: LHB Marshall Licata 0-0: Swinging Strike
0-1: Fly out, F8 (Flyball, 8LM, EV 94.4 MPH)
Top of the 7th over - 0 runs, 1 hit, 0 errors, 1 left on base; Helena 2 - Chicago (APP) 1
BOTTOM OF THE 7TH
Chicago (APP) Cubs batting - Pitching for Helena Brewers : RHP Danny Levinger
Pitching: RHP Josh Pallotta
Batting: LHB Ryan Cross 0-0: SOLO HOME RUN (Flyball, 7D, EV 101.3 MPH), Distance : 381 ft
Batting: RHB Willie Martinez 0-0: Foul Ball, location: 2F
0-1: Ball
1-1: Ball
2-1: Foul Ball, location: 2F
2-2: Foul Ball, location: 2F
2-2: Foul Ball, location: 2F
2-2: Foul Ball, location: 2F
2-2: Ball
3-2: Base on Balls
Batting: RHB Casey Snyder 0-0: Bunt missed!
0-1: Bunted foul
0-2: Foul Ball, location: 2F
0-2: Ball
Wild Pitch!
Willie Martinez to second
1-2: Ball
2-2: Ball
Passed Ball!
Willie Martinez to third
3-2: Intentional Walk
Batting: RHB Troy Nichols 0-0: Swinging Strike
0-1: Foul Ball, location: 2F
0-2: Strikes out swinging
Batting: RHB A.J. Moore 0-0: Ball
Passed Ball!
Willie Martinez scores
Casey Snyder to second
1-0: Ball
Passed Ball!
Casey Snyder to third
2-0: Ball
3-0: Called Strike
3-1: Base on Balls
Pinch Hitting: LHB Dave Wheeler 0-0: SINGLE (Groundball, 3, EV 86.9 MPH) (infield hit)
Casey Snyder scores
A.J. Moore to second
Pitching: RHP Justin Fail
Batting: RHB Chris Petrock 0-0: Ball
1-0: Foul Ball, location: 2F
1-1: Foul Ball, location: 2F
1-2: Strikes out swinging
Batting: SHB Eddie Tetzlaff 0-0: Called Strike
0-1: Ball
Wild Pitch!
A.J. Moore to third
Dave Wheeler to second
1-1: Foul Ball, location: 2F
1-2: Foul Ball, location: 2F
1-2: Ball
2-2: Foul Ball, location: 2F
2-2: Strikes out swinging
Bottom of the 7th over - 3 runs, 2 hits, 0 errors, 2 left on base; Helena 2 - Chicago (APP) 4
TOP OF THE 8TH
Helena Brewers batting - Pitching for Chicago (APP) Cubs : RHP Paul Whitehead
Pitching: LHP Jeremy Estep
Batting: RHB Kevin Wyche 0-0: Swinging Strike
0-1: Called Strike
0-2: Ball
1-2: Ball
2-2: Ball
3-2: Base on Balls
Batting: SHB Martin Madsen 0-0: Ball
1-0: SINGLE (Flyball, 9LM, EV 98.8 MPH)
Kevin Wyche to second
Runner from 2nd tries for 3rd, OUT! 9-5
Martin Madsen to second
Batting: LHB Tatsuyoshi Kaji 0-0: Called Strike
0-1: Called Strike
0-2: Strikes out swinging
Batting: RHB Ricky Wiernik 0-0: Ball
1-0: Called Strike
1-1: Ball
2-1: Ball
3-1: Base on Balls
Batting: LHB Tony Howard 0-0: Ball
1-0: Called Strike
1-1: Foul Ball, location: 2F
1-2: Ball
2-2: Fly out, F8 (Line Drive, 8RD, EV 110.6 MPH)
Top of the 8th over - 0 runs, 1 hit, 0 errors, 2 left on base; Helena 2 - Chicago (APP) 4
BOTTOM OF THE 8TH
Chicago (APP) Cubs batting - Pitching for Helena Brewers : RHP Justin Fail
Pitching: RHP Marco Rivas
Batting: RHB Jacob Nagle 0-0: Called Strike
0-1: Ball
1-1: Fly out, F7 (Flyball, 7, EV 89.4 MPH)
Batting: LHB Ryan Cross 0-0: Foul Ball, location: 2F
0-1: Called Strike
0-2: Foul Ball, location: 2F
0-2: Ball
1-2: Strikes out looking
Batting: RHB Willie Martinez 0-0: Ball
1-0: Foul Ball, location: 2F
1-1: Ball
2-1: Swinging Strike
2-2: SINGLE (Flyball, 78M, EV 97.5 MPH)
Batting: RHB Casey Snyder 0-0: Ball
1-0: Called Strike
1-1: Ball
Passed Ball!
Willie Martinez to second
2-1: Called Strike
2-2: Fly out, F8 (Flyball, 8LD, EV 80.0 MPH)
Bottom of the 8th over - 0 runs, 1 hit, 0 errors, 1 left on base; Helena 2 - Chicago (APP) 4
TOP OF THE 9TH
Helena Brewers batting - Pitching for Chicago (APP) Cubs : LHP Jeremy Estep
Pitching: LHP Sean Tomasi
Now at 3B: Chad Laramee
Batting: RHB Jorge Nunez 0-0: Swinging Strike
0-1: Hit by Pitch
Batting: RHB John O'Hearn 0-0: Called Strike
0-1: Ball
1-1: Ball
2-1: Ball
3-1: Base on Balls
Jorge Nunez to second
Batting: RHB Juan Alvarez 0-0: Bunted foul
0-1: Bunted foul
0-2: Ball
1-2: Strikes out swinging
Pinch Hitting: LHB Steve DuBay 0-0: Foul Ball, location: 2F
0-1: Swinging Strike
0-2: Ball
1-2: Foul Ball, location: 2F
1-2: Strikes out looking
Batting: RHB Kevin Wyche 0-0: SINGLE (Line Drive, 78M, EV 101.9 MPH)
Jorge Nunez to third
John O'Hearn to second
Batting: SHB Martin Madsen 0-0: Called Strike
0-1: Ball
1-1: Ball
2-1: DOUBLE (Line Drive, 89M, EV 95.0 MPH)
Jorge Nunez scores
John O'Hearn scores
Kevin Wyche to third
Runner from 3rd tries for Home, SAFE, throw by CF to home
Batting: LHB Tatsuyoshi Kaji 0-0: Called Strike
0-1: Ball
1-1: Ball
Passed Ball!
Martin Madsen to third
2-1: Ground out U3 (Groundball, 3, EV 84.4 MPH)
Top of the 9th over - 3 runs, 2 hits, 0 errors, 1 left on base; Helena 5 - Chicago (APP) 4
BOTTOM OF THE 9TH
Chicago (APP) Cubs batting - Pitching for Helena Brewers : RHP Marco Rivas
Pitching: RHP Brent Ratcliff
Pinch Hitting: RHB Josh Chandler 0-0: Called Strike
0-1: Foul Ball, location: 2F
0-2: Ball
1-2: Foul Ball, location: 2F
1-2: Ball
2-2: Foul Ball, location: 2F
2-2: Ball
3-2: Ground out 4-3 (Groundball, 4, EV 85.6 MPH)
Batting: RHB Chad Laramee 0-0: Called Strike
0-1: Swinging Strike
0-2: Strikes out swinging
Pinch Hitting: RHB Akiyoshi Sugiyama 0-0: Swinging Strike
0-1: Ball
1-1: Swinging Strike
1-2: Strikes out looking
Bottom of the 9th over - 0 runs, 0 hits, 0 errors, 0 left on base; Helena 5 - Chicago (APP) 4
Sunday, July 16th , 2023 - OOTP Baseball 24.6 Build 69